 Dungeon Crawl Stone Soup version 0.17-a0-1475-g9f81d98 (webtiles) character file.

19990 Fizybubbleh the Destroyer (level 12, -2/94 HPs)
             Began as a White Draconian Conjurer on July 2, 2015.
             Was an Elder of Vehumet.
             Slain by a queen ant (6 damage)
             ... on level 2 of the Lair of Beasts.
             The game lasted 01:40:24 (22355 turns).

Fizybubbleh the Destroyer (DrCj)                   Turns: 22355, Time: 01:40:25

Health: -2/94      AC: 10    Str: 11    XL:     12   Next: 41%
Magic:  0/24       EV: 19    Int: 19    God:    Vehumet [****..]
Gold:   626        SH:  0    Dex: 13    Spells: 8 memorised, 0 levels left

rFire  + . .     SeeInvis .     D - +1 trident
rCold  + . .     Clarity  .     (armour unavailable)
rNeg   + . .     SustAt   .     (no shield)
rPois  .         Gourm    .     (helmet restricted)
rElec  .         Spirit   .     s - +0 cloak
rCorr  .         Warding  +     (no gloves)
rMut   .         Stasis   .     l - +0 pair of boots
MR     .....                    H - amulet of warding
Stlth  +++.......               o - +4 ring of evasion
                                t - ring of protection from fire

@: lethally poisoned (-2 -> -25), short of breath, not resistant to hostile
enchantments, fairly stealthy
A: breathe frost, unfitting armour, cold resistance 1, cold-blooded, AC +8
a: Breathe Frost, Renounce Religion


You were on level 2 of the Lair of Beasts.
You worshipped Vehumet.
Vehumet was greatly pleased with you.
You were hungry.

You visited 3 branches of the dungeon, and saw 14 of its levels.

You collected 626 gold pieces.

Inventory:

Hand weapons
 d - a +1 whip
 p - a +1 morningstar of distortion
 w - a +0 blowgun
 D - a +1 trident (weapon)
 L - a -3 blowgun
Missiles
 A - 107 poisoned needles
Armour
 l - a +0 pair of boots (worn)
 s - a +0 cloak (worn)
Magical staves
 J - an uncursed staff of cold
Jewellery
 n - an uncursed ring of see invisible
 o - a +4 ring of evasion (right hand)
 t - a ring of protection from fire (left hand)
 G - an uncursed amulet of regeneration
 H - an amulet of warding (around neck)
 K - an uncursed amulet of inaccuracy
Magical devices
 h - a wand of fire (0)
 F - a wand of fire (0)
Scrolls
 f - a scroll of random uselessness {unknown}
 g - a scroll of immolation {unknown}
 i - a scroll of brand weapon {unknown}
 j - a scroll of fear
 u - a scroll of noise
 x - a scroll of acquirement {unknown}
 y - a scroll of amnesia {unknown}
 C - 2 scrolls of teleportation
 I - a scroll of fog {unknown}
 M - a scroll of vulnerability {unknown}
 O - a scroll of summoning {unknown}
Potions
 e - 3 potions of cure mutation
 q - 2 potions of degeneration
 v - a potion of might {unknown}
 z - 3 potions of flight
Books
 a - a book of Conjurations

   Spells                             Type                      Level
   a - Magic Dart                     Conjuration                  1
   b - Searing Ray                    Conjuration                  2
   c - Dazzling Spray                 Conjuration/Hexes            3
   d - Fulminant Prism                Conjuration/Hexes            4
   e - Iskenderun's Mystic Blast      Conjuration                  4
   f - Iskenderun's Battlesphere      Conjuration/Charms           5
 m - a book of Death

   Spells                             Type                      Level
   a - Corpse Rot                     Necromancy                   2
   b - Sublimation of Blood           Necromancy                   2
   c - Agony                          Necromancy                   5
   d - Dispel Undead                  Necromancy                   5
   e - Excruciating Wounds            Charms/Necromancy            5
   f - Bolt of Draining               Conjuration/Necromancy       5
 E - a book of Maledictions

   Spells                             Type                      Level
   a - Corona                         Hexes                        1
   b - Ensorcelled Hibernation        Hexes/Ice                    2
   c - Confuse                        Hexes                        3
   d - Tukima's Dance                 Hexes                        3
   e - Dazzling Spray                 Conjuration/Hexes            3
Comestibles
 b - 2 bread rations
 c - 2 beef jerkies
 k - a fruit
 B - 2 slices of pizza


   Skills:
 - Level 5.0 Fighting
 - Level 6.0 Dodging
 - Level 7.0 Stealth
 + Level 8.8 Spellcasting
 - Level 14.1 Conjurations
 - Level 5.8 Charms


You couldn't memorise any spells.
You knew the following spells:

 Your Spells              Type           Power        Failure   Level  Hunger
a - Magic Dart            Conj           ####         1%          1    None
b - Searing Ray           Conj           ######       1%          2    None
c - Iskenderun's Mystic   Conj           ######..     1%          4    ###....
d - Static Discharge      Conj/Air       #####...     1%          3    None
e - Iskenderun's Battles  Conj/Chrm      #####...     1%          5    #####..
f - Mephitic Cloud        Conj/Pois/Air  ####....     1%          3    None
g - Lightning Bolt        Conj/Air       #####.....   4%          5    #####..
h - Bolt of Draining      Conj/Necr      #####.....   4%          5    #####..


Dungeon Overview and Level Annotations

Branches:
Dungeon (10/15)            Temple (1/1) D:6            Lair (3/8) D:9
    Orc (0/4) D:10
  Swamp: Lair:3-6    Shoals: Lair:3-6     Snake: Lair:3-6    Spider: Lair:3-6

Altars:
Ashenzari
Cheibriados
Dithmenos
Elyvilon
Fedhas
Gozag
Makhleb
Okawaru
Qazlal
Ru
Sif Muna
Trog
Vehumet
Yredelemnul
Zin
The Shining One

Annotations:
D:2 exclusion: 2 downstairs
D:3 Sigmund
D:4 exclusion: upstairs, cireshan's ghost, average DECj
D:8 exclusion: downstairs
D:9 exclusion: hippogriff, Erolcha
Lair:2 exclusions: 2 downstairs and 1 more exclusion


Innate Abilities, Weirdness & Mutations

You can breathe waves of freezing cold.
You can buffet flying creatures when you breathe cold.
Your icy white scales are hard (AC +8).
Your body does not fit into most forms of armour.
Your flesh is cold resistant.
You are cold-blooded and may be slowed by cold attacks.


Message History

The barrage of energy hits the queen ant.
The queen ant closely misses you.
You take 2 damage, and have 20/94 hp.
You now have 0/24 mp.
Attack whom?
Aim: a queen ant (almost dead, lightly drained)
You hit the queen ant but do no damage.
You tail-slap the queen ant, but do no damage.
* * * LOW HITPOINT WARNING * * *
You feel very sick. The queen ant completely misses you.
You take 3 damage, and have 17/94 hp.
Attack whom?
Aim: a queen ant (almost dead, lightly drained)
You hit the queen ant but do no damage. You tail-slap the queen ant.
* * * LOW HITPOINT WARNING * * *
You feel very sick. The queen ant stings you!
* * * LOW HITPOINT WARNING * * *
The queen ant stings you.
You die...

#................# ### ##..#
##P....#####......#
##.######..# .##.####
###.....###.##.#.##..# ....#
#..<.................# ....#
###..####........##..# ....#
#..# ###....##.##.# ....# #..#
##....#####.# ....#
##..#####*....## #.## ....####
##....@a.>......# #..#
....##.####.#.....#.###P.##
#.## .................####
#P.# #.# .................#
##.# #.# .###.............#
#####.# #.# ##
##............###.P#P.## ##.##
##.#######...........P###...#
##..# ##............P###.##
###...#####.#................#


You could see a queen ant.

Vanquished Creatures
  The ghost of herpmino the Cleaver, an experienced VSGl of Okawaru (Lair:1)
  An unseen horror (D:10)
  Pikel (D:7)
  A hill giant (D:10)
  An ugly thing (D:8)
  A griffon (Lair:2)
  2 elephants
  An octopode (shapeshifter) (D:8)
  A black mamba (Lair:2)
  4 komodo dragons
  A fire drake (Lair:1)
  7 spiny frogs
  3 trolls
  3 blink frogs (Lair:2)
  Grinder (D:6)
  16 yaks
  2 wyverns
  A human (D:8)
  3 basilisks (Lair:2)
  4 hippogriffs
  3 soldier ants
  Edmund (D:6)
  3 vampire mosquitoes (D:10)
  5 wolves (Lair:1)
  4 water moccasins
  4 porcupines
  3 ice beasts
  4 orc warriors
  3 slaves (D:7)
  A black bear (D:9)
  3 ogres
  3 centaurs
  2 phantoms
  A sky beast (D:7)
  4 crocodiles
  2 big kobolds
  2 gnoll sergeants
  14 giant frogs
  3 scorpions
  8 wights
  2 electric eels (Lair:3)
  3 hounds
  5 orc priests
  4 crimson imps
  2 quasits (D:8)
  A centaur skeleton (D:6)
  A giant frog zombie (D:7)
  3 jellies
  2 iguanas
  10 worker ants
  8 orc wizards
  10 sheep
  A killer bee zombie (D:7)
  2 hound skeletons
  13 adders
  10 gnolls
  16 river rats
  5 shadow imps
  An adder skeleton (D:6)
  2 adder zombies
  2 worms (D:3)
  6 giant geckos
  38 orcs
  3 ball pythons
  A bat skeleton (D:6)
  3 giant cockroaches
  8 goblins
  13 hobgoblins
  18 jackals
  32 kobolds
  4 quokkas
  25 bats
  8 giant newts
  A quokka zombie (D:6)
  15 rats
  A plant (Lair:1)
407 creatures vanquished.

Vanquished Creatures (others)
  9 fungi
  2 plants (Lair:2)
11 creatures vanquished.

Grand Total: 418 creatures vanquished

Notes
Turn   | Place    | Note
--------------------------------------------------------------
     0 | D:1      | Fizybubbleh the Draconian Conjurer began the quest for the Orb.
     0 | D:1      | Reached XP level 1. HP: 14/14 MP: 3/3
   353 | D:1      | Reached XP level 2. HP: 20/20 MP: 0/5
   937 | D:1      | Reached skill level 5 in Conjurations
   937 | D:1      | Reached XP level 3. HP: 26/26 MP: 1/6
  1003 | D:1      | Learned a level 2 spell: Searing Ray
  1919 | D:2      | Found a faded altar to an unknown god.
  2219 | D:2      | Reached XP level 4. HP: 27/33 MP: 1/7
  2537 | D:3      | Noticed Sigmund
  2761 | D:3      | Reached skill level 6 in Conjurations
  2900 | D:3      | You fall through a shaft!
  2913 | D:4      | Reached XP level 5. HP: 35/38 MP: 3/8
  2921 | D:4      | Noticed cireshan's ghost (average DECj)
  3335 | D:3      | Found a blossoming altar of Fedhas.
  3851 | D:4      | Reached skill level 7 in Conjurations
  4409 | D:5      | Entered Level 5 of the Dungeon
  4574 | D:5      | Reached XP level 6. HP: 45/45 MP: 3/9
  4793 | D:5      | Reached skill level 1 in Fighting
  4924 | D:5      | Found a basalt altar of Yredelemnul.
  4924 | D:5      | Found a snail-covered altar of Cheibriados.
  4925 | D:5      | Found a glowing golden altar of the Shining One.
  6018 | D:6      | You fall through a shaft!
  6261 | D:7      | Your scales start taking on an icy white colour.
  6261 | D:7      | Gained mutation: Your flesh is cold resistant. [White Draconian growth]
  6261 | D:7      | Reached XP level 7. HP: 50/60 MP: 1/10
  6296 | D:7      | Reached skill level 5 in Fighting
  6397 | D:7      | Learned a level 4 spell: Iskenderun's Mystic Blast
  7126 | D:6      | Found a staircase to the Ecumenical Temple.
  7239 | Temple   | Entered the Ecumenical Temple
  7251 | Temple   | Became a worshipper of Vehumet
  7325 | D:6      | Noticed Grinder
  7575 | D:6      | Killed Grinder
  7575 | D:6      | Reached skill level 5 in Spellcasting
  7575 | D:6      | Reached XP level 8. HP: 64/68 MP: 13/15
  7825 | D:6      | Reached skill level 8 in Conjurations
  8629 | D:6      | Reached skill level 9 in Conjurations
  8940 | D:6      | Acquired Vehumet's first power
  8940 | D:6      | Offered knowledge of Flame Tongue by Vehumet.
  9146 | D:6      | Reached skill level 10 in Conjurations
  9160 | D:6      | Noticed Edmund
  9366 | D:6      | Killed Edmund
  9366 | D:6      | Reached XP level 9. HP: 40/74 MP: 0/16
 10547 | D:7      | Offered knowledge of Throw Flame by Vehumet.
 10675 | D:7      | Reached skill level 5 in Stealth
 10796 | D:7      | Noticed Pikel
 11498 | D:7      | Killed Pikel
 12871 | D:8      | Noticed a komodo dragon
 12876 | D:8      | Noticed an octopode
 12876 | D:8      | a komodo dragon changed into an octopode
 12880 | D:8      | Killed an octopode
 12880 | D:8      | Reached skill level 11 in Conjurations
 12880 | D:8      | Reached XP level 10. HP: 59/81 MP: 0/17
 12901 | D:8      | Noticed a komodo dragon
 13225 | D:8      | Noticed a human
 13225 | D:8      | Noticed a yak
 13244 | D:8      | Killed a human
 13267 | D:8      | Noticed a yak
 13283 | D:8      | Killed a yak
 13283 | D:8      | Offered knowledge of Static Discharge by Vehumet.
 13299 | D:8      | Killed a yak
 13607 | D:8      | Learned a level 3 spell: Static Discharge
 13613 | D:8      | Learned a level 5 spell: Iskenderun's Battlesphere
 13648 | D:8      | Noticed a brown ugly thing
 13737 | D:8      | HP: 1/81 [acid (6)]
 13745 | D:8      | Killed a brown ugly thing
 13745 | D:8      | Reached skill level 12 in Conjurations
 14120 | D:8      | Killed a komodo dragon
 14312 | D:8      | Noticed a wyvern
 14332 | D:8      | Killed a wyvern
 14496 | D:9      | Found a burning altar of Makhleb.
 14496 | D:9      | Noticed Erolcha
 15093 | D:9      | Found a staircase to the Lair.
 15118 | D:9      | Acquired Vehumet's second power
 15125 | D:9      | Reached skill level 5 in Dodging
 15698 | D:9      | Reached XP level 11. HP: 45/86 MP: 5/19
 16100 | D:10     | Entered Level 10 of the Dungeon
 16118 | D:10     | Found a sacrificial altar of Ru.
 16122 | D:10     | Noticed an unseen horror
 16189 | Lair:1   | Entered Level 1 of the Lair of Beasts
 16327 | Lair:1   | Noticed herpmino's ghost (experienced VSGl)
 17113 | D:10     | Killed an unseen horror
 17156 | D:10     | Found a staircase to the Orcish Mines.
 17312 | D:10     | Noticed a hill giant
 17359 | D:10     | Killed a hill giant
 17938 | Lair:1   | Offered knowledge of Mephitic Cloud by Vehumet.
 18069 | D:9      | Learned a level 3 spell: Mephitic Cloud
 18349 | Lair:1   | Killed herpmino's ghost
 18613 | Lair:1   | Reached skill level 13 in Conjurations
 19732 | Lair:2   | Acquired Vehumet's third power
 20243 | Lair:2   | Reached skill level 14 in Conjurations
 20436 | Lair:2   | Offered knowledge of Lightning Bolt by Vehumet.
 20469 | Lair:2   | Reached skill level 1 in Charms
 20469 | Lair:2   | Reached XP level 12. HP: 94/94 MP: 17/24
 20961 | Lair:2   | Learned a level 5 spell: Lightning Bolt
 21454 | Lair:3   | Reached skill level 5 in Charms
 21705 | Lair:3   | Learned a level 5 spell: Bolt of Draining
 22355 | Lair:2   | HP: 4/94 [queen ant (10)]
 22355 | Lair:2   | Slain by a queen ant

Vault maps used:
D:1:      arrival_zaba_pyramid, hex_intersection
D:2:      ecumenical_altar_2
D:3:      fedhas_altar_1, uniq_sigmund
D:4:      serial_curves, eino_curves_02, eino_curves_01, eino_curves_02,
          eino_curves_02, hangedman_decor_push
D:5:      gammafunk_temple_overflow_claw, first_bread, grunt_ministairs_8
D:6:      temple_fountains, uniq_grinder, uniq_edmund
D:7:      uniq_pikel
D:8:      grunt_livestock, minmay_evil_grid
D:9:      lair_0_dummy, basic_altar, minmay_holes, uniq_erolcha
D:10:     orc_0_dummy, nicolae_ru_sacrificial_ziggurat
Temple:   lightli_temple_of_artemis
Lair:3:   nicolae_quartered_pool_little, zaba_antful_of_joy, lemuel_fruit_fields

Action                   |  1- 3 |  4- 6 |  7- 9 | 10-12 || total
-------------------------+-------+-------+-------+-------++-------
Melee: Whip              |    58 |    54 |    23 |       ||   135
       Trident           |       |       |   119 |   116 ||   235
       Staff             |       |       |    28 |       ||    28
 Fire: Blowgun           |       |       |       |    98 ||    98
 Cast: Magic Dart        |   106 |   201 |   381 |   415 ||  1103
       Iskenderun's Myst |       |       |    47 |    91 ||   138
       Static Discharge  |       |       |       |    28 ||    28
       Iskenderun's Batt |       |       |       |    27 ||    27
       Mephitic Cloud    |       |       |       |     6 ||     6
       Lightning Bolt    |       |       |       |     1 ||     1
       Bolt of Draining  |       |       |       |     1 ||     1
 Abil: Breathe Frost     |       |       |    15 |    30 ||    45
Evoke: Wand              |       |     2 |     5 |       ||     7
  Use: Scroll            |       |     9 |     8 |     9 ||    26
       Potion            |       |       |     4 |     9 ||    13
 Stab: Sleeping          |     1 |     2 |     3 |    11 ||    17
       Distracted        |       |       |       |     1 ||     1
  Eat: Chunk             |     6 |    13 |    11 |    24 ||    54
       Pizza             |       |     2 |       |     6 ||     8
       Beef jerky        |       |       |     1 |     2 ||     3
       Bread ration      |       |       |     4 |     3 ||     7
       Meat ration       |       |       |       |     1 ||     1
